 Dungeon Crawl Stone Soup version 0.19-a0-713-g934ebc7 (webtiles) character file.

1278 Ijustatesigmund the Charmwright (level 8, -3/41 HPs)
             Began as a Deep Elf Conjurer on June 20, 2016.
             Slain by an orc warrior
             ... wielding a +0 dire flail
              (25 damage)
             ... on level 6 of the Dungeon.
             The game lasted 00:20:20 (6142 turns).

Ijustatesigmund the Charmwright (Deep Elf Conjurer) Turns: 6142, Time: 00:20:21

Health: -3/41      AC:  5    Str: 10    XL:     8   Next: 29%
Magic:  5/16       EV: 13    Int: 21    God:
Gold:   38         SH:  7    Dex: 17    Spells: 5 memorised, 2 levels left

rFire  . . .     SeeInvis .     t - +2 rapier (speed)
rCold  . . .     Gourm    .     x - +1 robe "Unaos" {rPois rN+} (curse)
rNeg   + . .     Faith    .     i - +2 buckler
rPois  +         Spirit   .     y - +2 hat
rElec  .         Dismiss  .     (no cloak)
rCorr  .         Reflect  .     (no gloves)
SustAt .         Harm     .     (no boots)
MR     .....                    (no amulet)
Stlth  +++.......               (no ring)
                                (no ring)

@: mighty, very slightly contaminated, not resistant to hostile enchantments,
fairly stealthy
A: no striking features
a: no special abilities


You were on level 6 of the Dungeon.
You were hungry.

You visited 1 branch of the dungeon, and saw 6 of its levels.

You collected 174 gold pieces.
You spent 136 gold pieces at shops.

Inventory:

Hand Weapons
 d - a +2 dagger
 q - a +1 dagger of venom
 t - a +2 rapier of speed (weapon)
Armour
 i - a +2 buckler (worn)
 l - a +0 robe of cold resistance
 x - the cursed +1 robe "Unaos" (worn) {rPois rN+}
   (You found it on level 6 of the Dungeon)

   It protects you from poison.
   It protects you from negative energy.
   It has a curse placed upon it.
 y - a +2 hat (worn)
Jewellery
 a - a cursed ring of loudness {unknown}
Scrolls
 g - 3 scrolls of remove curse
Potions
 e - a potion of lignification
 f - 3 potions of curing
 h - a potion of heal wounds {unknown}
 k - a potion of haste {unknown}
 n - a potion of brilliance {unknown}
 o - a potion of agility {unknown}
 r - 2 potions of berserk rage {unknown}
 s - 3 potions of flight {unknown}
 w - a potion of mutation {unknown}
 z - a potion of degeneration {unknown}
 A - a potion of beneficial mutation {unknown}
Books
 b - a book of Conjurations

   Spells                             Type                      Level
   a - Magic Dart                     Conjuration                  1
   b - Searing Ray                    Conjuration                  2
   c - Dazzling Spray                 Conjuration/Hexes            3
   d - Fulminant Prism                Conjuration/Hexes            4
   e - Iskenderun's Mystic Blast      Conjuration                  4
   f - Iskenderun's Battlesphere      Conjuration/Charms           5
 p - a book of Maledictions

   Spells                             Type                      Level
   a - Corona                         Hexes                        1
   b - Ensorcelled Hibernation        Hexes/Ice                    2
   c - Confuse                        Hexes                        3
   d - Tukima's Dance                 Hexes                        3
   e - Dazzling Spray                 Conjuration/Hexes            3
Comestibles
 c - 5 bread rations
 m - a meat ration


   Skills:
 - Level 2.2 Short Blades
 - Level 3.4 Dodging
 - Level 3.6 Stealth
 + Level 2.4 Shields
 - Level 4.0 Spellcasting
 - Level 6.2 Conjurations
 - Level 5.8 Hexes
 - Level 6.9 Charms
 - Level 2.8 Ice Magic


You had 2 spell levels left.
You knew the following spells:

 Your Spells              Type           Power        Failure   Level  Hunger
a - Magic Dart            Conj           ####         1%          1    None
b - Searing Ray           Conj           ####..       1%          2    #......
c - Dazzling Spray        Conj/Hex       ####..       3%          3    ###....
d - Ensorcelled Hibernat  Hex/Ice        ###...       4%          2    #......
e - Iskenderun's Battles  Conj/Chrm      ####....     28%         5    ######.


Dungeon Overview and Level Annotations

Branches:
Dungeon (6/15)
 Temple: D:4-7

Altars:
Qazlal
Sif Muna
Vehumet
Xom

Shops:
D:4 [


Message History

You feel very mighty all of a sudden.
You barely miss the orc warrior.
The orc warrior is moderately wounded.
The orc warrior hits you with a dire flail!
You puncture the orc warrior!
The orc warrior is heavily wounded.
The orc warrior barely misses you.
You barely miss the orc warrior.
The orc warrior is heavily wounded.
You block the orc warrior's attack.
You barely miss the orc warrior.
The orc warrior is heavily wounded.
You closely miss the orc warrior.
The orc warrior is heavily wounded.
The orc warrior barely misses you.
You closely miss the orc warrior.
The orc warrior is heavily wounded.
The orc warrior hits you with a dire flail!!
Ouch! That really hurt!
You die...

#...........
#.##......(#
#######.##.#####.#
#.......##.# #...
#.#####.##.# #...
#.# #.##.# #...
#.# #....#####..
#.# ####........
#@# #........ #o#
##.###### #o# #.#
#o## #.# #.<# ###
##)# #.# #.# #.#


You could see an orc warrior and 2 orcs.

Vanquished Creatures
  Eustachio (D:4)
  Menkaure (D:4)
  Edmund (D:4)
  A phantom (D:4)
  3 ogres
  3 scorpions
  2 orc wizards
  A centaur skeleton (D:4)
  An orc priest (D:4)
  2 worker ants
  Ijyb (D:3)
  An iguana (D:6)
  A hound zombie (D:5)
  8 adders
  2 oozes (D:1)
  A worm (D:2)
  3 dart slugs (D:1)
  4 giant geckos
  15 orcs
  A ball python (D:2)
  6 giant cockroaches
  6 goblins
  5 hobgoblins
  8 jackals
  3 kobolds
  8 bats
  4 giant newts
  A quokka skeleton (D:5)
  8 rats
102 creatures vanquished.

Vanquished Creatures (others)
  5 sheep (D:4)
5 creatures vanquished.

Grand Total: 107 creatures vanquished

Notes
Turn   | Place    | Note
--------------------------------------------------------------
     0 | D:1      | Ijustatesigmund the Deep Elf Conjurer began the quest for the Orb.
     0 | D:1      | Reached XP level 1. HP: 10/10 MP: 6/6
   226 | D:1      | Reached XP level 2. HP: 15/15 MP: 5/8
   230 | D:1      | Learned a level 2 spell: Searing Ray
   720 | D:1      | Reached XP level 3. HP: 19/19 MP: 4/9
   847 | D:1      | Learned a level 3 spell: Dazzling Spray
  1004 | D:2      | Reached skill level 1 in Hexes
  1441 | D:2      | Found a stormy altar of Qazlal.
  1479 | D:2      | Reached XP level 4. HP: 24/24 MP: 9/11
  1598 | D:2      | Reached skill level 1 in Short Blades
  2122 | D:3      | Learned a level 2 spell: Ensorcelled Hibernation
  2242 | D:3      | Noticed Ijyb
  2249 | D:3      | Killed Ijyb
  2249 | D:3      | Reached XP level 5. HP: 28/28 MP: 10/13
  2320 | D:3      | Reached skill level 1 in Ice Magic
  2427 | D:3      | Found a radiant altar of Vehumet.
  2915 | D:3      | Found a deep blue altar of Sif Muna.
  3004 | D:3      | Noticed an ogre
  3013 | D:3      | Killed an ogre
  3013 | D:3      | Reached XP level 6. HP: 19/32 MP: 8/14
  3147 | D:3      | Learned a level 5 spell: Iskenderun's Battlesphere
  3303 | D:4      | Reached skill level 1 in Charms
  3317 | D:4      | Noticed Menkaure
  3491 | D:4      | Noticed Eustachio
  3513 | D:5      | Entered Level 5 of the Dungeon
  3792 | D:5      | Reached skill level 5 in Charms
  3792 | D:5      | Reached XP level 7. HP: 36/36 MP: 10/15
  4527 | D:6      | Got an ancient robe
  4555 | D:6      | Identified the cursed +1 robe "Unaos" {rPois rN+} (You found it on level 6 of the Dungeon)
  4591 | D:6      | Reached skill level 5 in Hexes
  4738 | D:4      | Noticed Edmund
  4745 | D:4      | Reached skill level 5 in Conjurations
  4787 | D:4      | Killed Edmund
  4922 | D:4      | Killed Eustachio
  5090 | D:4      | Reached XP level 8. HP: 41/41 MP: 3/16
  5235 | D:4      | Found a shimmering altar of Xom.
  5419 | D:4      | Found Posog's Antique Armour Boutique.
  5422 | D:4      | Bought a runed hat for 136 gold pieces
  5842 | D:4      | Reached skill level 1 in Shields
  5850 | D:4      | Killed Menkaure
  6099 | D:5      | Noticed a hill giant
  6142 | D:6      | Slain by an orc warrior

Vault maps used:
D:1:      dpeg_arrival_shelter, serial_park_tiny_1, minmay_misc_feat_tiny,
          roderic_nine_men_s_morris, nrook_mini_backslash
D:2:      grunt_qazlal_clouds, first_bread
D:3:      lemuel_round_altar, nicolae_overflow_hidden_temple, uniq_iyjb
D:4:      serial_shops, kennysheep_mini_moat, kb_xom_exploding_sheep,
          uniq_edmund, uniq_menkaure, uniq_eustachio
D:6:      kennysheep_little_box, lemuel_doored_altar

Skill      XL: |  1  2  3  4  5  6  7  8 |
---------------+-------------------------+-----
Dodging        | 3 |  3.4
Stealth        | 3 |  3.6
Hexes          | 1 2 4 5 |  5.8
Short Blades   | 1 2 |  2.2
Spellcasting   | 4 |  4.0
Ice Magic      | 2 |  2.8
Charms         | 5 6 |  6.9
Conjurations   | 6 |  6.2
Shields        | 2 |  2.4

Action                   |  1- 3 |  4- 6 |  7- 9 || total
-------------------------+-------+-------+-------++-------
Melee: Dagger            |    13 |    31 |    46 ||    90
       Rapier            |       |       |    16 ||    16
 Cast: Magic Dart        |    69 |    61 |    51 ||   181
       Ensorcelled Hiber |       |     8 |    12 ||    20
       Dazzling Spray    |       |     6 |     7 ||    13
       Searing Ray       |       |       |     2 ||     2
       Iskenderun's Batt |       |       |     1 ||     1
  Use: Scroll            |     3 |     7 |     5 ||    15
       Potion            |       |       |     1 ||     1
 Stab: Sleeping          |     1 |    12 |     8 ||    21
       Invisible         |       |     2 |     2 ||     4
  Eat: Chunk             |       |     8 |     6 ||    14
       Fruit             |       |     1 |     4 ||     5
Armor: Robe              |     3 |     2 |     6 ||    11
Dodge: Dodged            |    14 |    12 |    43 ||    69
Block: Buckler           |       |       |     3 ||     3
